AoeStats
← AiM | CanvaL

Arabia

510557663Analyzed
1v1 RM · 13h ago on Oct 1, 2026· 49m 19s· 2 players
Game mode
Random Map
Map size
Tiny (2 player)
Population
200
Speed
Normal
Resources
Standard
Victory
Conquest
Starting age
Dark Age
Ending age
Imperial Age
RankedLock teamsTeams togetherTeam positionsShared explorationLock speedFull tech treeHidden civsTurbo modeCheats
Victory
Defeat
🇨🇴 Hindustanis · Colombia
1478
+16
🇨🇱 Japanese · Chile
1485
-16
spava9723
0:44 Loom
5:54 Loom
8:55 Feudal Age
9:36 Double-Bit Axe
12:52 Horse Collar
17:44 Padded Archer Armor
18:43 Fletching
23:46 Castle Age
21:59 Stone Mining
22:47 Scale Mail Armor
25:05 Chain Mail Armor
25:20 Bow Saw
26:47 Squires
29:46 Pikeman
30:38 Arson
34:17 Forging
42:09 Iron Casting
45:10 Imperial Age
44:49 Stone Shaft Mining
44:06 Gold Mining
45:26 Elite Ghulam
47:07 Wheelbarrow
50:08 Blast Furnace
AiM | CanvaL
6:07 Loom
7:27 Loom
9:16 Feudal Age
9:43 Man-at-Arms
10:20 Double-Bit Axe
14:42 Fletching
22:21 Castle Age
20:33 Padded Archer Armor
21:12 Horse Collar
22:23 Crossbowman
22:59 Bodkin Arrow
29:37 Forging
29:32 Scale Barding Armor
29:44 Town Watch
30:22 Bloodlines
30:39 Husbandry
31:43 Iron Casting
35:24 Thumb Ring
45:28 Imperial Age
44:25 Ballistics
44:01 Murder Holes
44:01 Light Cavalry
45:14 Chain Barding Armor
44:55 Gold Mining
46:39 Bracer
47:53 Stone Mining
47:55 Cavalier
Connection lost

Rejoining the realm…

Still unreachable

The connection could not be restored.

Session expired

The server has moved on; the page needs a fresh start.